 Dungeon Crawl Stone Soup version 0.27-a0-860-gaf99fae3ca (webtiles) character file.

Game seed: 7203246986882630461

82 Aggronaut the Cudgeller (level 4, -2/34 HPs)
             Began as a Demonspawn Wanderer on Apr 1, 2021.
             Succumbed to an orc's poison
             ... on level 2 of the Dungeon.
             The game lasted 00:05:17 (2760 turns).

Aggronaut the Cudgeller (Demonspawn Wanderer)       Turns: 2760, Time: 00:05:18

Health: -2/34      AC: 11    Str: 14    XL:     4   Next: 21%
Magic:  7/8        EV: 10    Int: 12    God:
Gold:   112        SH:  0    Dex: 13    Spells: 6/9 levels left

rFire    + . .     SeeInvis .   a - +2 mace
rCold    . . .     Faith    .   (no shield)
rNeg     . . .     Spirit   +   l - +0 ring mail
rPois    .         Reflect  .   (helmet restricted)
rElec    .         Harm     .   (no cloak)
rCorr    .         Rampage  .   (no gloves)
Will     .....                  (no boots)
Stlth    +.........             j - amulet of guardian spirit
HPRegen  0.11/turn              d - ring of protection from fire
MPRegen  0.11/turn              (no ring)

@: lethally poisoned (-2 -> -27), sanguine armoured
A: horns 1, sanguine armour 1
a: no special abilities


You were on level 2 of the Dungeon.
You visited 1 branch of the dungeon, and saw 3 of its levels.

You collected 112 gold pieces.

Inventory:

Hand Weapons
 a - a +2 mace (weapon)
 h - a +0 arbalest
Missiles
 c - 7 atropa-tipped darts (quivered)
Armour
 l - a +0 ring mail (worn)
Jewellery
 d - a ring of protection from fire (left hand)
 j - an amulet of guardian spirit (around neck)
Scrolls
 b - a scroll of brand weapon {unknown}
 g - 3 scrolls of teleportation {unknown}
 i - a scroll of immolation {unknown}
 k - a scroll of identify {unknown}
Potions
 e - a potion of curing {unknown}
 f - 2 potions of flight {unknown}
 m - a potion of heal wounds {unknown}


   Skills:
 + Level 2.4 Fighting
 * Level 3.1 Maces & Flails
 - Level 1.0 Armour
 - Level 1.7 Stealth
 - Level 3.0 Spellcasting
 - Level 1.0 Hexes
 - Level 1.0 Fire Magic


You had 6 spell levels left.
You knew the following spells:

 Your Spells              Type           Power      Damage    Failure   Level
a - Mephitic Cloud        Conj/Pois/Air  1%         N/A       83%         3

Your spell library contained the following spells:

 Spells                   Type           Power      Damage    Failure   Level
 Foxfire                  Conj/Fire      12%        2x1d4     38%         1
 Magic Dart               Conj           4%         1d3       45%         1
 Shock                    Conj/Air       4%         1d3       45%         1
 Slow                     Hex            4%         N/A       45%         2
 Blink                    Tloc           N/A        N/A       58%         2
 Call Imp                 Summ           1%         N/A       58%         2
 Passwall                 Tmut/Erth      0%         N/A       58%         2
 Conjure Flame            Conj/Fire      3%         6-21      77%         3
 Ignite Poison            Fire/Tmut/Pois 2%         N/A       80%         3
 Static Discharge         Conj/Air       1%         N/A       83%         3
 Stone Arrow              Conj/Erth      2%         3d7       83%         3
 Airstrike                Air            0%         N/A       99%         4
 Lightning Bolt           Conj/Air       0%         1d11      100%        5


Dungeon Overview and Level Annotations

Branches:
Dungeon (3/15)

Altars:
Xom


Innate Abilities, Weirdness & Mutations

You have a pair of small horns on your head.
When seriously injured, your bleeding wounds create armour. (AC +6)


Message History

The endoplasm is almost dead.
The endoplasm freezes you.
You are frozen.
The orc wizard casts a spell at you. The puff of flame hits you. You resist.
You hit the endoplasm.
You kill the endoplasm!
The orc wizard casts a spell at you. The magic dart hits you.
The orc wizard gestures at you while chanting.
You resist with some effort.
You barely miss the orc. Your headbutt misses the orc.
The orc hits you with a +1 dagger of venom.
You are poisoned.
You closely miss the orc.
Your blood congeals into armour.
You feel very sick. The orc completely misses you.
You closely miss the orc.
You feel sick. The orc hits you but does no damage.
The orc hits you with a +1 dagger of venom.
You hit the orc. Your headbutt misses the orc.
The orc is almost dead.
You feel sick. The orc hits you but does no damage.
The orc wizard points at you and mumbles some strange words.
The puff of flame hits you but does no damage.
You barely miss the orc.
The orc is almost dead.
You feel sick. The orc hits you but does no damage. x2
You are lethally poisoned!
You feel very sick. The orc hits you but does no damage.
You are more poisoned.
* * * LOW HITPOINT WARNING * * *
You feel very sick.
There is a stone staircase leading up here.
* * * LOW HITPOINT WARNING * * *
You feel very sick. The orc hits you but does no damage. x2
You are more poisoned.
You climb upwards.
You die...

#...>#..##.........(.....##.###..
#..[..#..#.#........#...........#
#.....##.#.#.......#..##...######
#.....##.#.##........##......#...
#.....##...###.....#....#........
#.....#....#####..###..#.).......
#.....#...............##.........
#.......##.#####.o###.##.........
##.##...##.#####@o###.###........
........##.##......##.####...#...
.#.##....#.##.<....##..##########
.#.##.##.#..#......###...#
......##.....#.##### ###.###
......#####....# #...# ......#
#...### ###.# ......# #.### #.###
......####.## #...####


You could see 2 orcs.

Vanquished Creatures
  2 adders (D:2)
  3 dart slugs (D:1)
  5 bats
  4 endoplasms
  11 goblins
  8 hobgoblins
  3 kobolds
  3 quokkas
  7 ball pythons
  A frilled lizard (D:1)
  6 rats
53 creatures vanquished.

Notes
Turn   | Place    | Note
-------+----------+-------------------------------------------
     0 | D:1      | Aggronaut the Demonspawn Wanderer began the quest for the
                  | Orb.
     0 | D:1      | Aggronaut set off with the following items: a +2 mace, a +0
                  | robe, a +0 dagger; and the following spells available to
                  | memorise: Foxfire, Shock, Ignite Poison, Static Discharge
     0 | D:1      | Reached XP level 1. HP: 15/15 MP: 4/4
   204 | D:1      | Gained mutation: You have a pair of small horns on your
                  | head. [demonic ancestry]
   204 | D:1      | Reached XP level 2. HP: 14/21 MP: 6/6
   651 | D:1      | Identified Hinano's Grimoire of Earthen Weightlessness
   865 | D:1      | Reached XP level 3. HP: 11/27 MP: 7/7
  1858 | D:2      | Learned a level 3 spell: Mephitic Cloud
  2075 | D:2      | Gained mutation: When seriously injured, your bleeding
                  | wounds create armour. (AC +6) [demonic ancestry]
  2075 | D:2      | Reached XP level 4. HP: 19/33 MP: 4/8
  2210 | D:2      | Found a shimmering altar of Xom.
  2760 | D:2      | Succumbed to an orc's poison

Illustrated notes

Levels and vault maps discovered:
D:1:      lemuel_arrival_lava_pool, layout_basic, minmay_bisected
D:2:      layout_rooms, basic_altar, fountainhead, chequers_serial_rivers_marsh
D:3:      layout_rooms, chequers_ecumenical_altar_simple, uniq_jessica

Skill      XL: |  1  2  3 |
---------------+----------+-----
Maces & Flails | 2 3 |  3.1
Fighting       | 2 |  2.4
Armour         | |  1.0
Stealth        | |  1.7
Spellcasting   | |  3.0
Hexes          | |  1.0
Fire Magic     | |  1.0

Action                   |  1- 3 |  4- 6 || total
-------------------------+-------+-------++-------
Melee: Mace              |    97 |    30 ||   127
       Headbutt          |    13 |     3 ||    16
 Stab: Sleeping          |     3 |     2 ||     5
Armor: Robe              |    18 |       ||    18
       Ring mail         |     1 |    14 ||    15
Dodge: Dodged            |    67 |    11 ||    78

Table legend: (Time is in decaauts)
 A = Elapsed time spent in this place.
 B = Non-inter-level travel time spent in this place.
 C = Inter-level travel time spent in this place.
 D = Time resting spent in this place.
 E = Time spent auto-exploring this place.
 F = Levels seen in this place.
 G = Mean time per level.
                   A        B        C        D        E       F      G
               +--------+--------+--------+--------+--------+-----+--------+
         Total |   2802 |   2771 |     31 |   1452 |    807 |   3 |  934.0 |
       Dungeon |   2802 |   2771 |     31 |   1452 |    807 |   3 |  934.0 |
               +--------+--------+--------+--------+--------+-----+--------+

Top non-repeatable levels by time:
     D:1: 1566 daAuts
     D:2: 1174 daAuts
     D:3: 61 daAuts
